 Dungeon Crawl Stone Soup version 0.32-a0-841-g4648e6c457 (webtiles) character file.

Game seed: 6929576671136089220

7 PetalousPanoply the Chopper (level 1, -1/20 HPs)
             Began as a Minotaur Berserker on Mar 26, 2024.
             Was a Follower of Trog.
             Slain by a ball python (2 damage)
             ... on level 1 of the Dungeon.
             The game lasted 00:11:49 (509 turns).

PetalousPanoply the Chopper (Minotaur Berserker)     Turns: 509, Time: 00:11:51

Health: -1/20      AC:  3    Str: 21    XL:     1   Next: 91%
Magic:  0/0        EV:  0    Int:  4    God:    Trog [*.....]
Gold:   17         SH:  0    Dex:  9    Spells: 0/0 levels left

rFire   . . .        a - +0 hand axe
rCold   . . .        (no shield)
rNeg    . . .        i - +0 leather armour
rPois   .            (helmet restricted)
rElec   .            (no cloak)
rCorr   .            (no gloves)
SInv    .            (no boots)
Will    .....        (no amulet)
Stlth   +            (no ring)
HPRegen 0.23/turn    (no ring)
MPRegen 0.07/turn

%: no passive effects
@: constricted
A: horns 2, retaliatory headbutt
a: Renounce Religion, Berserk


You were on level 1 of the Dungeon.
You worshipped Trog.
Trog was aware of your devotion.
You visited 1 branch of the dungeon, and saw 1 of its levels.

You collected 17 gold pieces.

Inventory:

Hand Weapons
 a - a +0 hand axe (weapon)
Armour
 b - a +0 animal skin
 i - a +0 leather armour (worn)
Talismans
 e - a serpent talisman
Scrolls
 c - a scroll of teleportation {unknown}
 d - a scroll of enchant weapon {unknown}
 f - a scroll of fear {unknown}
 g - a scroll of butterflies {unknown}
Potions
 h - a potion of attraction {unknown}


   Skills:
 + Level 3.7 Fighting
 + Level 3.9 Axes
 + Level 2.8 Armour
 + Level 2.1 Dodging


You couldn't memorise any spells.
You didn't know any spells.
Your spell library was empty.

Dungeon Overview and Level Annotations

Branches:
Dungeon (1/15)

Altars:


Innate Abilities, Weirdness & Mutations

You have a pair of horns on your head.
You reflexively headbutt those who attack you in melee.


Message History

The ball python constricts you.
You closely miss the ball python. You hit the endoplasm but do no damage.
The ball python bites you. The ball python constricts you.
The endoplasm freezes you.
You are frozen.
You closely miss the ball python. You hit the endoplasm.
You kill the endoplasm!
Trog accepts your kill. The ball python bites you.
The ball python constricts you.
You hit the endoplasm.
The endoplasm is lightly wounded.
You hit the ball python. The ball python bites you.
The ball python constricts you. The endoplasm freezes you.
You are frozen.
* * * LOW HITPOINT WARNING * * *
The ball python bites you but does no damage.
The ball python constricts you.
* * * LOW HITPOINT WARNING * * *
You are too injured to fight recklessly!
You hit the ball python but do no damage.
The ball python is severely wounded.
You hit the endoplasm. The ball python bites you.
* * * LOW HITPOINT WARNING * * *
The ball python constricts you. The endoplasm hits you.
* * * LOW HITPOINT WARNING * * *
You barely miss the ball python.
The ball python is severely wounded.
You hit the endoplasm.
You kill the endoplasm!
Trog accepts your kill.
The ball python bites you but does no damage.
The ball python constricts you.
You barely miss the ball python.
The ball python is severely wounded.
The ball python bites you but does no damage.
The ball python constricts you.
* * * LOW HITPOINT WARNING * * *
The ball python bites you.
You die...

+.......'...
####ß####ß..
######≈#~♣~#≈####
≈≈≈≈≈≈≈≈#####≈≈≈≈≈
..........#..#....
#####.....##.#..#....
#...............#..##
#$.......##....##..##
#..S@......#.......##
....(..#'#....#...###.##
.......#.####.#.......##
.......#..............##
.......####...####.#..##
.......+......# #.#>##
.......####...# #.###
....... #...# #.# #...#
#.#


You could see a ball python.

Vanquished Creatures
  A ball python (D:1)
  4 endoplasms (D:1)
  A bat (D:1)
6 creatures vanquished.

Notes
Turn   | Place    | Note
-------+----------+-------------------------------------------
     0 | D:1      | PetalousPanoply the Minotaur Berserker began the quest for
                  | the Orb.
     0 | D:1      | Reached XP level 1. HP: 19/19 MP: 0/0
   507 | D:1      | HP: 1/20 [endoplasm (1)]
   509 | D:1      | Slain by a ball python

Illustrated notes

Levels and vault maps discovered:
D:1:      saegor_arrival_fortress, layout_basic, corexii_hall_statues_u,
          chequers_serial_rivers_micro_a, minmay_tromino_i4

Action                     || total
---------------------------++-------
  Melee: Hand axe          ||    19
         Headbutt          ||     1
 Invoke: Berserk           ||     1
 Armour: Leather armour    ||    39
         Animal skin       ||     2
  Dodge: Dodged            ||     2

Table legend: (Time is in decaauts)
 A = Elapsed time spent in this place.
 B = Non-inter-level travel time spent in this place.
 C = Inter-level travel time spent in this place.
 D = Time resting spent in this place.
 E = Time spent auto-exploring this place.
 F = Levels seen in this place.
 G = Mean time per level.
                   A        B        C        D        E       F      G
               +--------+--------+--------+--------+--------+-----+--------+
         Total |    522 |    513 |      9 |    269 |     85 |   1 |  522.0 |
       Dungeon |    522 |    513 |      9 |    269 |     85 |   1 |  522.0 |
               +--------+--------+--------+--------+--------+-----+--------+

Top non-repeatable levels by time:
     D:1: 522 daAuts
